 Dungeon Crawl Stone Soup version 0.31-a0-202-g547052bce9 (webtiles) character file.

Game seed: 4156905233218104389

77 qw the Shooter (level 4, 0/25 HPs)
             Began as a Deep Elf Hunter on June 26, 2023.
             Slain by an adder (1 damage)
             ... on level 3 of the Dungeon.
             The game lasted 00:00:33 (1313 turns).

qw the Shooter (Deep Elf Hunter)                    Turns: 1313, Time: 00:00:33

Health: 0/25       AC:  3    Str: 10    XL:     4   Next: 13%
Magic:  6/6        EV: 12    Int: 14    God:
Gold:   197        SH:  0    Dex: 18    Spells: 3/3 levels left

rFire   . . .        Y - +0 shortbow
rCold   . . .        (shield currently unavailable)
rNeg    . . .        c - +0 leather armour
rPois   .            (no helmet)
rElec   .            (no cloak)
rCorr   .            (no gloves)
SInv    .            (no boots)
Will    +....        (no amulet)
Stlth   ++           e - ring of willpower
HPRegen 0.24/turn    (no ring)
MPRegen 0.10/turn

%: no passive effects
@: no status effects
A: no striking features
a: no special abilities


You were on level 3 of the Dungeon.
You visited 1 branch of the dungeon, and saw 3 of its levels.

You collected 197 gold pieces.


   Skills:
 - Level 1.5 Fighting
 + Level 7.5 Ranged Weapons
 - Level 2.4 Dodging
 - Level 1.2 Stealth


You had 3 spell levels left.
You didn't know any spells.
Your spell library was empty.

Inventory:

Hand Weapons
 Y - a +0 shortbow (weapon)
Armour
 c - a +0 leather armour (worn)
Jewellery
 e - a ring of willpower (left hand)
Scrolls
 b - a scroll of immolation {unknown}
Potions
 a - a potion of enlightenment {unknown}
 f - 3 potions of curing
 h - a potion of resistance {unknown}
 i - a potion of heal wounds {unknown}

Dungeon Overview and Level Annotations

Branches:
Dungeon (3/15)

Altars:
Qazlal
Uskayaw


Message History

You hear a shout!
An adder comes into view.
An orc comes into view. It is wielding a +0 short sword.
You shoot an arrow. The adder hisses angrily.
The arrow hits the quokka.
The quokka is severely wounded.
You shoot an arrow. The arrow hits the quokka.
You kill the quokka!
You shoot an arrow. The arrow barely misses the orc.
The orc hits you with a +0 short sword.
You shoot an arrow. The arrow barely misses the orc.
The orc hits you with a +0 short sword.
You shoot an arrow. The arrow hits the orc.
The orc is severely wounded.
The adder bites you but does no damage. The orc barely misses you.
You shoot an arrow. The arrow hits the orc!
You kill the orc!
The adder bites you.
You shoot an arrow. The arrow closely misses the adder.
The adder barely misses you.
You shoot an arrow. The arrow misses the adder.
The adder bites you but does no damage. The adder barely misses you.
You shoot an arrow. The arrow hits the worm!
The worm is severely wounded.
The adder misses you. The worm bites you!
You shoot an arrow. The arrow hits the worm.
The worm is almost dead.
The adder barely misses you.
You shoot an arrow.
The arrow hits the worm but does no damage.
The worm is almost dead.
The adder bites you but does no damage. The worm bites you!
The adder barely misses you.
You shoot an arrow. The arrow hits the worm.
The worm is almost dead.
The adder misses you. The worm closely misses you.
You shoot an arrow. The arrow barely misses the worm.
The adder bites you.
You die...

###########
..########.........#
.........#.#######.#
..######...# #.#
#@#.# #.#
#....wS..#######.#
#...#.....##......#
.. ##..#.##.######
##...##.# #...##.#
#.####.# ..# #.# #.#


You could see a worm and an adder.

Vanquished Creatures
  2 adders
  A dart slug (D:1)
  An orc (D:3)
  7 bats
  5 endoplasms
  2 giant cockroaches (D:1)
  5 goblins (D:1)
  6 hobgoblins
  3 jackals (D:2)
  4 kobolds
  3 quokkas
  4 ball pythons
  6 rats
49 creatures vanquished.

Notes
Turn   | Place    | Note
-------+----------+-------------------------------------------
     0 | D:1      | qw the Deep Elf Hunter began the quest for the Orb.
     0 | D:1      | Reached XP level 1. HP: 12/12 MP: 3/3
     0 | D:1      | 0 ||| qw: Version: 0.3-a-22-g0ed2b0b
     0 | D:1      | 0 ||| qw: Game counter: 5901
     0 | D:1      | 0 ||| qw: Melee chars always use a shield: true
     0 | D:1      | 0 ||| qw: God list: Okawaru
     0 | D:1      | 0 ||| qw: Allow faded altars: false
     0 | D:1      | 0 ||| qw: Do Orc after clearing Dungeon:15 true
     0 | D:1      | 0 ||| qw: Do second Lair branch before Depths: true
     0 | D:1      | 0 ||| qw: Lair rune preference: random
     0 | D:1      | 0 ||| qw: Goals: Normal
     0 | D:1      | 0 ||| PLANNING D:1-11
    84 | D:1      | Reached skill level 6 in Ranged Weapons
    84 | D:1      | Reached XP level 2. HP: 16/16 MP: 4/4
    92 | D:1      | HP: 4/16 [goblin/+0 club (3)]
    95 | D:1      | HP: 1/16 [goblin/+0 club (4)]
   379 | D:1      | Reached XP level 3. HP: 20/20 MP: 5/5
   622 | D:1      | 622 ||| UPGRADING to ring of willpower.
   623 | D:1      | 623 ||| DROPPING ring of wizardry.
   624 | D:1      | 624 ||| READING scroll labelled YTWESCHAMOKH.
   625 | D:1      | 625 ||| DRINKING 2 coppery potions.
   632 | D:1      | 632 ||| DRINKING 3 blue potions.
   633 | D:1      | 633 ||| DROPPING scroll of butterflies.
   634 | D:1      | 634 ||| DROPPING potion of ambrosia.
   762 | D:2      | Reached skill level 7 in Ranged Weapons
   801 | D:2      | Identified the +3 short sword "Awouwker" {heavy, rC++
                  | Str+3}
   980 | D:2      | 980 ||| READING scroll labelled SAILU JYFUPLI.
  1081 | D:2      | 1081 ||| READING scroll labelled NIWKIQ CIUNT.
  1099 | D:3      | Found a hide-covered altar of Uskayaw.
  1104 | D:3      | 1104 ||| STAIRDANCE
  1211 | D:3      | Found a stormy altar of Qazlal.
  1266 | D:3      | Reached XP level 4. HP: 25/25 MP: 6/6
  1311 | D:3      | HP: 1/25 [worm (7)]
  1313 | D:3      | Slain by an adder

Levels and vault maps discovered:
D:1:      tarquinn_simple_flora_water_d, layout_basic, minmay_pentomino_w2
D:2:      layout_rooms, chequers_serial_rivers_small_b
D:3:      cheibrodos_old_hovel, layout_basic,
          mainiacjoe_overflow_catch_the_wave, moated_statue, minmay_cupped

Skill      XL: |  1  2  3 |
---------------+----------+-----
Ranged Weapons | 6 7 |  7.5
Fighting       | |  1.5
Dodging        | |  2.4
Stealth        | |  1.2

Action                     |  1- 3 |  4- 6 || total
---------------------------+-------+-------++-------
   Fire: Shortbow          |   113 |    14 ||   127
    Use: Scroll            |     3 |       ||     3
         Potion            |     2 |       ||     2
 Armour: Leather armour    |     9 |     3 ||    12
  Dodge: Dodged            |    36 |     8 ||    44

Table legend:
 A = Non-vault XP
 B = Vault XP
 C = Vault XP percentage of total XP
 D = Non-vault monster count
 E = Vault monster count
 F = Vault count percentage of total count
                 A         B        C        D         E       F
            +---------+---------+-------+---------+---------+-------
      Total |     101 |       9 |   8.2 |      45 |       4 |   8.2
            +---------+---------+-------+---------+---------+-------
        D:1 |      55 |       4 |   6.8 |      31 |       2 |   6.1
        D:2 |      28 |       0 |   0.0 |      11 |       0 |   0.0
        D:3 |      18 |       5 |  21.7 |       3 |       2 |  40.0
            +---------+---------+-------+---------+---------+-------
